 Dungeon Crawl Stone Soup version 0.30.0-29-ga12c61a403 (webtiles) character file.

Game seed: 12522343745622586447

832 LustLizard the Gusty (level 7, 0/40 HPs)
             Began as a Deep Elf Air Elementalist on June 22, 2023.
             Slain by a kobold
             ... wielding a +0 short sword
              (2 damage)
             ... on level 6 of the Dungeon.
             The game lasted 00:09:04 (5825 turns).

LustLizard the Gusty (Deep Elf Air Elementalist)    Turns: 5825, Time: 00:09:04

Health: 0/40       AC:  5    Str:  7    XL:     7   Next: 65%
Magic:  5/17       EV: 12    Int: 20    God:
Gold:   214        SH:  0    Dex: 15    Spells: 11/17 levels left

rFire   . . .        d - +0 short sword
rCold   . . .        (no shield)
rNeg    . . .        a - +0 robe
rPois   .            (no helmet)
rElec   .            (no cloak)
rCorr   .            (no gloves)
SInv    .            g - +2 pair of boots
Will    .....        (no amulet)
Stlth   +++          k - +4 ring of slaying
HPRegen 0.26/turn    (no ring)
MPRegen 0.15/turn

%: no passive effects
@: slowed, invisible, very slow
A: no striking features
a: no special abilities


You were on level 6 of the Dungeon.
You visited 2 branches of the dungeon, and saw 7 of its levels.

You collected 214 gold pieces.

Inventory:

Hand Weapons
 d - a +0 short sword (weapon)
Missiles
 q - a throwing net
Armour
 a - a +0 robe (worn)
 g - a +2 pair of boots (worn)
Jewellery
 k - a +4 ring of slaying (left hand)
 t - a +6 ring of intelligence
Wands
 l - a wand of digging (5)
Scrolls
 c - a scroll of butterflies {unknown}
 f - a scroll of acquirement {unknown}
 i - 3 scrolls of magic mapping {unknown}
 j - a scroll of noise {unknown}
 n - 4 scrolls of teleportation
 o - a scroll of vulnerability {unknown}
 p - a scroll of immolation {unknown}
 s - a scroll of enchant weapon {unknown}
 y - a scroll of amnesia {unknown}
Potions
 b - 2 potions of magic
 h - 2 potions of heal wounds
 m - a potion of cancellation {unknown}
 r - a potion of lignification {unknown}
 u - 2 potions of might
 v - a potion of haste {unknown}
 w - a potion of flight {unknown}
 x - a potion of curing {unknown}


   Skills:
 + Level 2.8 Fighting
 - Level 2.4 Dodging
 - Level 4.0 Stealth
 + Level 5.6 Spellcasting
 + Level 4.0 Conjurations
 * Level 6.0 Air Magic


You had 11 spell levels left.
You knew the following spells:

 Your Spells              Type           Power      Damage    Failure   Level
a - Shock                 Conj/Air       100%       1d9       1%          1
b - Static Discharge      Conj/Air       50%        2-5/arc   1%          2
c - Swiftness             Air            29%        N/A       2%          3

Your spell library contained the following spells:

 Spells                   Type           Power      Damage    Failure   Level
 Kiss of Death            Conj/Necr      52%        2d9       4%          1
 Airstrike                Air            14%        2d(3-19)  9%          4
 Confusing Touch          Hex            5%         N/A       32%         3
 Dispel Undead            Necr           5%         3d7       73%         4


Dungeon Overview and Level Annotations

Branches:
Dungeon (6/15)             Temple (1/1) D:5

Altars:
Cheibriados
Dithmenos
Elyvilon
Fedhas
Gozag
Kikubaaqudgha
Nemelex Xobeh
Okawaru
Ru
Sif Muna
Trog
Uskayaw
Wu Jian
Xom
Yredelemnul
Zin
The Shining One

Shops:
D:3 =   D:4 (


Message History

Confirm with . or Enter, or press ? or * to list all spells.
The kobold brigand is struck by an arc of lightning.
The kobold brigand is heavily wounded.
You are struck by an arc of lightning.
The lightning grounds out.
You feel sick. The kobold brigand barely misses you.
The kobold barely misses you. The kobold brigand barely misses you.
Casting: Static Discharge (safe; 1% risk of failure)
Confirm with . or Enter, or press ? or * to list all spells.
The kobold is struck by an arc of lightning.
You kill the kobold!
You are struck by an arc of lightning.
The lightning grounds out.
The kobold brigand is struck by an arc of lightning.
The kobold brigand is severely wounded.
You are struck by an arc of lightning.
The lightning grounds out.
You feel sick.
The kobold brigand hits you but does no damage.
Casting: Static Discharge (safe; 1% risk of failure)
Confirm with . or Enter, or press ? or * to list all spells.
The kobold is struck by an arc of lightning!
You kill the kobold!
You are struck by an arc of lightning.
* * * LOW HITPOINT WARNING * * *
The kobold brigand is struck by an arc of lightning.
The kobold brigand is almost dead.
The lightning grounds out.
You feel sick.
You are no longer poisoned.
The kobold brigand hits you but does no damage.
The kobold brigand hits you with a +0 club.
* * * LOW HITPOINT WARNING * * *
Casting: Static Discharge (safe; 1% risk of failure)
Confirm with . or Enter, or press ? or * to list all spells.
The kobold brigand is struck by an arc of lightning.
You kill the kobold brigand!
The kobold is struck by an arc of lightning.
The kobold is severely wounded.
You are struck by an arc of lightning.
* * * LOW HITPOINT WARNING * * *
The lightning grounds out.
The kobold hits you with a +0 short sword.
You die...

#################
................#
................# ...
................# ?.....
................# .......
####............# #........
#............#####.........
######'####..@)............
...........#...K............
...........#...K............
...........#................
..(........#......).........
...........#................
...........#.......)).......
...........#................
#................


You could see 2 kobolds.

Vanquished Creatures
  A black bear (D:5)
  A kobold brigand (D:6)
  A gnoll sergeant (D:5)
  A scorpion (D:5)
  3 hounds (D:5)
  2 orc priests (D:5)
  2 sleepcaps
  Natasha (thrice) (D:3)
  An iguana (D:5)
  An orc wizard (D:5)
  12 gnolls
  6 adders
  5 dart slugs
  11 orcs
  7 ball pythons
  6 endoplasms
  3 giant cockroaches
  8 goblins
  8 hobgoblins
  6 jackals
  2 quokkas (D:4)
  7 bats
  2 frilled lizards
  11 kobolds
  10 rats
120 creatures vanquished.

Notes
Turn   | Place    | Note
-------+----------+-------------------------------------------
     0 | D:1      | LustLizard the Deep Elf Air Elementalist began the quest
                  | for the Orb.
     0 | D:1      | Reached XP level 1. HP: 10/10 MP: 6/6
   413 | D:1      | Reached XP level 2. HP: 15/15 MP: 4/8
   590 | D:1      | Learned a level 2 spell: Static Discharge
   929 | D:1      | Reached XP level 3. HP: 20/20 MP: 6/9
  1342 | D:2      | Learned a level 3 spell: Swiftness
  1444 | D:2      | Reached skill level 1 in Fighting
  1507 | D:2      | Reached XP level 4. HP: 25/25 MP: 7/11
  1811 | D:2      | Found a glowing silver altar of Zin.
  1968 | D:2      | Found a faded altar of an unknown god.
  2124 | D:3      | Reached skill level 4 in Air Magic
  2548 | D:3      | Reached XP level 5. HP: 26/29 MP: 2/12
  2652 | D:3      | Found Mecuotom's Jewellery Shop.
  2654 | D:3      | Noticed Natasha
  2661 | D:3      | Killed Natasha
  2687 | D:3      | Noticed Natasha
  2746 | D:3      | Killed Natasha
  3233 | D:3      | Noticed Natasha
  3237 | D:3      | Killed Natasha
  3238 | D:3      | Reached XP level 6. HP: 25/35 MP: 7/14
  3673 | D:4      | Found Juasuil's Weapon Boutique.
  4129 | D:5      | Entered Level 5 of the Dungeon
  4175 | D:5      | Found a staircase to the Ecumenical Temple.
  4186 | Temple   | Entered the Ecumenical Temple
  4427 | D:5      | Found a sacrificial altar of Ru.
  4510 | D:5      | Reached skill level 5 in Air Magic
  4621 | D:5      | Reached XP level 7. HP: 37/40 MP: 5/16
  4624 | D:5      | Reached skill level 5 in Spellcasting
  4849 | D:5      | Found a hide-covered altar of Uskayaw.
  5225 | D:5      | Reached skill level 6 in Air Magic
  5458 | D:5      | Found a sparkling altar of Nemelex Xobeh.
  5825 | D:6      | HP: 2/40 [/static electricity (4)]
  5825 | D:6      | Slain by a kobold

Illustrated notes

Levels and vault maps discovered:
D:1:      dpeg_arrival_tiny_j, layout_loops_ring
D:2:      layout_rooms, chequers_ecumenical_altar_island, basic_altar,
          uniq_crazy_yiuf_cottage
D:3:      layout_loops_ring, serial_shops, shop_statue, minmay_misc_feat_iff,
          uniq_natasha
D:4:      layout_basic, serial_glass, glass_columns_b, glass_columns_b,
          serial_shops, shop
D:5:      layout_loops_ring, mainiacjoe_overflow_surrounded_room,
          kennysheep_mini, mainiacjoe_overflow_24_doors,
          minmay_temple_entry_poolview
D:6:      layout_gridville, grunt_temple_overflow_lords_of_destruction,
          lemuel_tele_altar, kennysheep_nub
Temple:   nicolae_temple_god_jail

Skill      XL: |  1  2  3  4  5  6  7 |
---------------+----------------------+-----
Stealth        | 3 4 |  4.0
Fighting       | 1 2 |  2.8
Conjurations   | 2 3 4 |  4.0
Air Magic      | 4 5 6 |  6.0
Spellcasting   | 4 5 |  5.6
Dodging        | |  2.4

Action                     |  1- 3 |  4- 6 |  7- 9 || total
---------------------------+-------+-------+-------++-------
  Melee: Short sword       |     1 |     1 |       ||     2
   Cast: Shock             |    91 |   147 |    47 ||   285
         Static Discharge  |       |    13 |    14 ||    27
    Use: Scroll            |       |     4 |     1 ||     5
         Potion            |       |     1 |     2 ||     3
 Armour: Robe              |       |     7 |     3 ||    10
  Dodge: Dodged            |     7 |    26 |    13 ||    46
